 Dungeon Sprint DCSS version bcrawl-1.36 (webtiles) character file.

Game seed: 6778263674387423806

2321207 Baz the Ruinous (level 13, -10/102 HPs)
             Began as a Fairy Air Elementalist on Apr 1, 2022.
             Was the Champion of Vehumet.
             Froze to death (22 damage)
             ... in the Dungeon (Sprint IX: "|||||||||||||||||||||||||||||").
             The game lasted 00:11:07 (1790 turns).

Baz the Ruinous (Fairy Air Elementalist)            Turns: 1790, Time: 00:11:08

Health: -10/102    AC: 12    Str: 12    XL:     13   Next: 23%
Magic:  15/49      EV: 16    Int: 24    God:    Vehumet [******]
Gold:   814        SH:  7    Dex: 13    Spells: 12/48 levels left

rFire    . . .     SeeInvis .   m - staff of power
rCold    . . .     Gourm    .   (shield currently unavailable)
rNeg     . . .     Faith    .   (armour unavailable)
rPois    .         Spirit   .   p - +0 helmet
rElec    .         Reflect  .   D - +1 cloak
rCorr    .         NoTele   +   y - +0 pair of gloves
MR       +....                  o - +0 pair of boots
Stlth    +.........             (no amulet)
HPRegen  0.27/turn              q - +3 ring of strength
MPRegen  0.31/turn              r - +3 ring of strength

@: swift, no potions, flying evasively, very quick
A: small, magic attunement, unstealthy, unfitting armour, able to fly, AC/SH +7
a: Stop Flying, Renounce Religion


You were in the Dungeon.
You worshipped Vehumet.
Vehumet was exalted by your worship.
You were hungry.

You visited 1 branch You collected 1885 gold pieces.
You spent 1071 gold pieces at shops.

Inventory:

Hand Weapons
 n - the +6 scimitar of Flaming Death {sticky flame, rF++ rC- MR+}
   (You found it in the Dungeon)

   It has been specially enchanted to surge with flame as it hits, increasing
   damage dealt by approximately one third against foes not resistant or
   susceptible to fire.
   Its heat also prevents any hydra heads it cuts off from regrowing.
   It greatly protects you from fire.
   It makes you vulnerable to cold.
   It affects your resistance to hostile enchantments.
Armour
 o - a +0 pair of boots (worn)
 p - a +0 helmet (worn)
 y - a +0 pair of gloves (worn)
 D - a +1 cloak (worn)
Magical Staves
 m - an uncursed staff of power (weapon)
Jewellery
 q - a +3 ring of strength (left hand)
 r - a +3 ring of strength (right hand)
 A - an uncursed ring of protection from magic
 B - the ring "Ipaphet" {Fire +Fly MR+ Str-2}
   (You found it in the Dungeon)

   [ring of fire]

   It enhances your fire magic.
   It affects your strength (-2).
   It protects you from fire.
   It makes you vulnerable to cold.
   It affects your resistance to hostile enchantments.
   It lets you fly.
 C - an uncursed ring of protection from cold
Wands
 l - a wand of acid (10)
Scrolls
 i - a scroll of identify
 j - 3 scrolls of remove curse
 k - a scroll of amnesia
 t - 4 scrolls of blinking
 u - 2 scrolls of enchant weapon
 v - 3 scrolls of fog
 w - 2 scrolls of enchant armour
 z - 3 scrolls of fear
Potions
 a - a potion of invisibility
 b - a potion of flight
 c - 3 potions of heal wounds
 d - 10 potions of curing
 f - 3 potions of haste
 g - 4 potions of magic
 h - 2 potions of berserk rage
 s - a potion of mutation
 E - a potion of might
Comestibles
 e - 12 rations {!d}
 x - 3 chunks of flesh


   Skills:
 + Level 14.5 Fighting
 - Level 2.6 Dodging
 - Level 1.5 Stealth
 + Level 18.3 Spellcasting
 + Level 21.3 Conjurations
 * Level 8.9 Ice Magic
 - Level 17.6 Air Magic


You had 12 spell levels left.
You knew the following spells:

 Your Spells              Type           Power        Failure   Level  Hunger
a - Shock                 Conj/Air       #####        0%          1    None
b - Swiftness             Chrm/Air       ######..     1%          2    None
c - Static Discharge      Air            #######.     0%          3    None
d - Lightning Bolt        Conj/Air       #######...   0%          5    None
f - Irradiate             Conj/Tmut      ######....   1%          5    None
g - Conjure Ball Lightni  Conj/Air       #######...   1%          6    None
h - Poison Arrow          Conj/Pois      ######....   1%          6    None
i - Blink                 Tloc           N/A          3%          2    None
j - Ozocubu's Refrigerat  Ice            ######....   2%          6    None

Your spell library contained the following spells:

 Spells                   Type           Power        Failure   Level  Hunger
 Bolt of Cold             Conj/Ice       #######...   1%          6    None
 Magic Dart               Conj           ####         0%          1    None
 Airstrike                Air            #######...   0%          4    None
 Conjure Flame            Conj/Fire      ######..     1%          3    None
 Ignite Poison            Fire/Tmut/Pois ###.....     1%          3    None
 Mephitic Cloud           Conj/Pois/Air  ######..     1%          3    None
 Sticky Flame             Conj/Fire      ######..     1%          4    None
 Call Imp                 Summ           ###...       3%          2    None
 Sublimation of Blood     Necr           ###.......   3%          2    None
 Spider Form              Tmut/Pois      ###          7%          3    None
 Petrify                  Tmut/Erth      ###.......   22%         4    None
 Virulence                Hex/Pois       ###.....     98%         6    None


Dungeon Overview and Level Annotations

Branches:
Dungeon (1/1)

Altars:
Cheibriados
Dithmenos
Elyvilon
Fedhas
Gozag
Hepliaklqana
Kikubaaqudgha
Lugonu
Makhleb
Nemelex Xobeh
Okawaru
Qazlal
Ru
Sif Muna
Trog
Uskayaw
Vehumet
Wu Jian
Xom
Yredelemnul
Zin
The Shining One
Beogh
Jiyva

Shops:
D :[*%


Innate Abilities, Weirdness & Mutations

Your spells do not cause hunger and MP costs are reduced by 1.
Your bright wings attract enemies. (Stealth-)
You cannot fit into any form of body armour.
Your shimmering scales are hard and can block incoming attacks. (AC +7, SH +7)
You are small and have problems with some larger weapons.
You can fly continuously.


Message History

The fire dragon is heavily wounded.
The ettin is moderately wounded.
You kill the ogre!
Vehumet accepts your kill.
You feel your power returning.
No path to travel!
Casting: Ozocubu's Refrigeration (safe; 2% risk of failure)
Confirm with . or Enter, or press ? or * to list all spells.
The heat is drained from your surroundings.
You feel very cold.
* * * LOW HITPOINT WARNING * * *
The fire dragon and the ettin are frozen.
The fire dragon is frozen!
The fire dragon is severely wounded.
The ettin is severely wounded.
No path to travel!
Casting: Ozocubu's Refrigeration (safe; 2% risk of failure)
Confirm with . or Enter, or press ? or * to list all spells.
The heat is drained from your surroundings.
You feel very cold.
You die...

▓▓▓▓▓▓▓▓▓▓▓▓▓▓▓▓▓▓▓▓▓▓▓▓▓▓▓▓▓▓▓▓
))†...†.))...DC@....[[[[[[.[.)))
▓▓▓▓▓▓▓▓▓▓▓▓▓▓▓▓▓▓▓▓▓▓▓▓▓▓▓▓▓▓▓▓▓
...................÷.......)...÷.
▓▓▓▓▓▓▓▓▓▓▓▓▓▓▓▓▓▓▓▓▓▓▓▓▓▓▓▓▓▓▓▓▓
∩.∩)∩)∩)))).).......)))))'[)...[)
▓▓▓▓▓▓▓▓▓▓▓▓▓▓▓▓▓▓▓▓▓▓▓▓▓▓▓▓▓▓▓▓▓
.................................
▓▓▓▓▓▓▓▓▓▓▓▓▓▓▓▓▓▓▓▓▓▓▓▓▓▓▓▓▓▓▓▓▓
[.....÷.÷..'÷...[.†.÷÷....÷.÷..'.


You could see a fire dragon and an ettin.

Vanquished Creatures
  A very ugly thing (D)
  3 dire elephants (D)
  A fire dragon (D)
  A yaktaur captain (D)
  3 hydras (D)
  An ogre mage (D)
  Erica (D)
  A centaur warrior (D)
  12 orc high priests (D)
  A wolf spider (D)
  4 orc knights (D)
  A deep elf mage (D)
  An orc sorcerer (D)
  An ugly thing (D)
  5 elephants (D)
  2 cane toads (D)
  A torpor snail (D)
  A komodo dragon (D)
  2 trolls (D)
  Grum (D)
  A yak (D)
  An acid dragon (D)
  A water moccasin (D)
  4 crocodiles (D)
  3 porcupines (D)
  A black bear (D)
  9 orc warriors (D)
  An ogre (D)
  A phantom (D)
  2 centaurs (D)
  3 wolves (D)
  2 bullfrogs (D)
  A howler monkey (D)
  An orc priest (D)
  A crimson imp (D)
  2 hounds (D)
  A jelly (D)
  5 orc wizards (D)
  A worker ant (D)
  An adder (D)
  An ooze (D)
  A leopard gecko (D)
  8 orcs (D)
  2 bat zombies (D)
  A giant cockroach (D)
  2 goblins (D)
  A bat simulacrum (D)
  A rat (D)
103 creatures vanquished.

Vanquished Creatures (others)
  13 ball lightnings (D)
13 creatures vanquished.

Grand Total: 116 creatures vanquished

Notes
Turn   | Place    | Note
-------+----------+-------------------------------------------
     0 | D        | Baz the Fairy Air Elementalist began the quest for the Orb.
     0 | D        | Reached XP level 1. HP: 11/11 MP: 6/6
     7 | D        | Reached skill level 2 in Conjurations
     9 | D        | Reached skill level 1 in Fighting
     9 | D        | Reached skill level 3 in Conjurations
     9 | D        | Reached XP level 2. HP: 18/18 MP: 6/8
    28 | D        | Learned a level 2 spell: Swiftness
    28 | D        | Noticed a phantom
    28 | D        | Noticed a howler monkey
    33 | D        | Reached skill level 5 in Conjurations
    33 | D        | Reached skill level 5 in Air Magic
    33 | D        | Reached XP level 3. HP: 25/25 MP: 8/10
    35 | D        | Reached skill level 5 in Spellcasting
    35 | D        | Reached skill level 6 in Conjurations
    35 | D        | Reached XP level 4. HP: 31/31 MP: 9/13
    43 | D        | Killed a phantom
    44 | D        | Reached skill level 8 in Conjurations
    44 | D        | Reached XP level 5. HP: 21/37 MP: 10/15
    48 | D        | Learned a level 3 spell: Static Discharge
    54 | D        | Learned a level 5 spell: Lightning Bolt
   211 | D        | Found a roughly hewn altar of Beogh.
   211 | D        | Found a snail-covered altar of Cheibriados.
   211 | D        | Found a shadowy altar of Dithmenos.
   211 | D        | Found a white marble altar of Elyvilon.
   211 | D        | Found a blossoming altar of Fedhas.
   211 | D        | Found an opulent altar of Gozag.
   212 | D        | Found a hazy altar of Hepliaklqana.
   213 | D        | Found a viscous altar of Jiyva.
   214 | D        | Found an ancient bone altar of Kikubaaqudgha.
   215 | D        | Found a corrupted altar of Lugonu.
   216 | D        | Found a burning altar of Makhleb.
   217 | D        | Found a sparkling altar of Nemelex Xobeh.
   218 | D        | Found an iron altar of Okawaru.
   219 | D        | Found a stormy altar of Qazlal.
   220 | D        | Found a sacrificial altar of Ru.
   221 | D        | Found a shimmering blue altar of Sif Muna.
   222 | D        | Found a bloodstained altar of Trog.
   223 | D        | Found a hide-covered altar of Uskayaw.
   224 | D        | Found a radiant altar of Vehumet.
   225 | D        | Found an ornate altar of the Wu Jian Council.
   226 | D        | Found a shimmering altar of Xom.
   227 | D        | Found a basalt altar of Yredelemnul.
   228 | D        | Found a glowing silver altar of Zin.
   229 | D        | Found a glowing golden altar of the Shining One.
   232 | D        | Became a worshipper of Vehumet
   239 | D        | Found the +6 scimitar of Flaming Death {sticky flame, rF++
                  | rC- MR+}
   270 | D        | Noticed a crocodile
   270 | D        | Noticed a bullfrog
   271 | D        | Reached * piety under Vehumet
   271 | D        | Offered knowledge of Sandblast by Vehumet.
   272 | D        | Reached skill level 9 in Conjurations
   272 | D        | Reached XP level 6. HP: 44/44 MP: 11/17
   273 | D        | Reached skill level 5 in Fighting
   325 | D        | Killed a crocodile
   325 | D        | Reached ** piety under Vehumet
   326 | D        | Reached skill level 10 in Conjurations
   368 | D        | Noticed a white ugly thing
   368 | D        | Noticed a deep elf mage
   368 | D        | Noticed a troll
   370 | D        | Reached skill level 11 in Conjurations
   370 | D        | Reached XP level 7. HP: 51/51 MP: 15/20
   370 | D        | Noticed a sixfirhy
   370 | D        | Killed a deep elf mage
   371 | D        | Reached skill level 12 in Conjurations
   371 | D        | Reached XP level 8. HP: 58/58 MP: 14/23
   371 | D        | Killed a white ugly thing
   371 | D        | Reached *** piety under Vehumet
   372 | D        | Reached skill level 10 in Spellcasting
   372 | D        | Reached skill level 13 in Conjurations
   372 | D        | Reached skill level 10 in Air Magic
   373 | D        | Killed a troll
   527 | D        | Noticed an eight-headed hydra
   527 | D        | Noticed a yak
   527 | D        | Noticed a komodo dragon
   528 | D        | Offered knowledge of Throw Frost by Vehumet.
   529 | D        | Reached skill level 14 in Conjurations
   529 | D        | Noticed a five-headed hydra
   531 | D        | Reached **** piety under Vehumet
   531 | D        | Noticed a torpor snail
   532 | D        | Reached XP level 9. HP: 56/66 MP: 14/25
   532 | D        | Killed an eight-headed hydra
   533 | D        | Reached skill level 15 in Conjurations
   533 | D        | Killed a komodo dragon
   533 | D        | Killed a five-headed hydra
   533 | D        | Reached ***** piety under Vehumet
   534 | D        | Reached skill level 16 in Conjurations
   534 | D        | Reached XP level 10. HP: 64/74 MP: 12/28
   601 | D        | Killed a torpor snail
   712 | D        | Noticed a cane toad
   712 | D        | Noticed a six-headed hydra
   714 | D        | Noticed a cane toad
   715 | D        | Killed a cane toad
   716 | D        | Reached skill level 10 in Fighting
   716 | D        | Reached skill level 17 in Conjurations
   716 | D        | Killed a six-headed hydra
   717 | D        | Reached ****** piety under Vehumet
   717 | D        | Offered knowledge of Iskenderun's Mystic Blast by Vehumet.
   723 | D        | Learned a level 3 spell: Iskenderun's Mystic Blast
   725 | D        | Killed a cane toad
   725 | D        | Offered knowledge of Throw Icicle by Vehumet.
   782 | D        | Noticed an elephant
   782 | D        | Noticed a dire elephant
   782 | D        | Noticed an elephant
   782 | D        | Noticed an elephant
   782 | D        | Noticed a dire elephant
   782 | D        | Noticed an elephant
   784 | D        | Killed an elephant
   785 | D        | Noticed a dire elephant
   785 | D        | Killed an elephant
   785 | D        | Killed an elephant
   786 | D        | Reached skill level 18 in Conjurations
   786 | D        | Reached XP level 11. HP: 82/82 MP: 26/30
   788 | D        | Killed a dire elephant
   788 | D        | Killed a dire elephant
   789 | D        | Killed a dire elephant
   790 | D        | Reached skill level 15 in Spellcasting
   790 | D        | Reached skill level 15 in Air Magic
   793 | D        | Reached skill level 19 in Conjurations
   952 | D        | Offered knowledge of Irradiate by Vehumet.
   954 | D        | Noticed an orc knight
   958 | D        | Killed an orc knight
  1027 | D        | Learned a level 5 spell: Irradiate
  1034 | D        | Noticed an orc knight
  1034 | D        | Noticed an orc sorcerer
  1036 | D        | Killed an orc sorcerer
  1036 | D        | Offered knowledge of Conjure Ball Lightning by Vehumet.
  1038 | D        | Killed an orc knight
  1047 | D        | Noticed an orc knight
  1051 | D        | Learned a level 6 spell: Conjure Ball Lightning
  1072 | D        | Killed an orc knight
  1077 | D        | Offered knowledge of Poison Arrow by Vehumet.
  1087 | D        | Noticed an orc knight
  1090 | D        | Killed an orc knight
  1091 | D        | Reached XP level 12. HP: 52/92 MP: 23/33
  1178 | D        | Learned a level 6 spell: Poison Arrow
  1240 | D        | Found Liap's Food Boutique.
  1240 | D        | Noticed an orc high priest
  1240 | D        | Noticed an orc high priest
  1240 | D        | Noticed an orc high priest
  1240 | D        | Noticed an orc high priest
  1240 | D        | Noticed an orc high priest
  1241 | D        | Noticed a sun demon
  1242 | D        | Killed an orc high priest
  1242 | D        | Killed an orc high priest
  1242 | D        | Noticed an orc high priest
  1243 | D        | Killed an orc high priest
  1243 | D        | Offered knowledge of Bolt of Draining by Vehumet.
  1243 | D        | Killed an orc high priest
  1243 | D        | Killed an orc high priest
  1244 | D        | Reached skill level 20 in Conjurations
  1244 | D        | Killed an orc high priest
  1244 | D        | Noticed an orc high priest
  1248 | D        | Killed an orc high priest
  1249 | D        | Noticed an orc high priest
  1250 | D        | Killed an orc high priest
  1252 | D        | Found Yhiucha's Assorted Antiques.
  1255 | D        | Found Bigichuw's Armour Boutique.
  1255 | D        | Noticed an orc high priest
  1257 | D        | Noticed an orc high priest
  1259 | D        | Killed an orc high priest
  1259 | D        | Killed an orc high priest
  1259 | D        | Noticed an orc high priest
  1260 | D        | Found Ellaqojy's Book Shop.
  1262 | D        | Killed an orc high priest
  1262 | D        | Noticed an orc high priest
  1265 | D        | Killed an orc high priest
  1319 | D        | Bought a scroll labeled SUFRUAC TEIN for 26 gold pieces
  1323 | D        | Bought a book of Alchemy for 825 gold pieces
  1323 | D        | Bought a book of Minor Magic for 220 gold pieces
  1326 | D        | Learned a level 2 spell: Blink
  1333 | D        | Learned a level 6 spell: Ozocubu's Refrigeration
  1358 | D        | Noticed Erica
  1361 | D        | Killed Erica
  1513 | D        | Noticed Grum
  1526 | D        | Killed Grum
  1575 | D        | Offered knowledge of Orb of Destruction by Vehumet.
  1652 | D        | Got the ring "Ipaphet" {Fire +Fly MR+ Str-2}
  1758 | D        | Noticed a centaur warrior
  1760 | D        | Killed a centaur warrior
  1761 | D        | Reached skill level 5 in Ice Magic
  1762 | D        | Reached skill level 21 in Conjurations
  1762 | D        | Reached XP level 13. HP: 85/101 MP: 36/36
  1763 | D        | Noticed a fire dragon
  1767 | D        | Noticed a yaktaur captain
  1769 | D        | Killed a fire dragon
  1769 | D        | Killed a yaktaur captain
  1769 | D        | Noticed a purple very ugly thing
  1771 | D        | Killed a purple very ugly thing
  1771 | D        | Offered knowledge of Bolt of Cold by Vehumet.
  1771 | D        | Noticed an ettin
  1773 | D        | Noticed a fire dragon
  1790 | D        | Froze to death

Skill      XL: |  1  2  3  4  5  6  7  8  9 10 11 12 13 |
---------------+----------------------------------------+-----
Spellcasting   | 3 4 5 6 8 9 10 12 13 15 17 18 | 18.3
Conjurations   | 3 5 6 8 9 11 12 14 16 18 19 21 | 21.3
Air Magic      | 4 5 6 7 8 9 11 12 14 16 17 | 17.6
Fighting       | 1 2 3 4 5 6 8 9 10 12 14 | 14.5
Ice Magic      | 5 8 |  8.9
Dodging        | |  2.6
Stealth        | |  1.5

Action                   |  1- 3 |  4- 6 |  7- 9 | 10-12 | 13-15 || total
-------------------------+-------+-------+-------+-------+-------++-------
 Cast: Shock             |    10 |     8 |       |       |       ||    18
       Lightning Bolt    |       |     6 |     9 |    54 |     7 ||    76
       Static Discharge  |       |     1 |     1 |       |       ||     2
       Conjure Ball Ligh |       |       |       |     5 |       ||     5
       Swiftness         |       |       |       |     1 |     1 ||     2
       Poison Arrow      |       |       |       |     5 |       ||     5
       Ozocubu's Refrige |       |       |       |       |     2 ||     2
  Use: Scroll            |       |       |       |     1 |       ||     1
  Eat: Chunk             |       |       |       |     4 |       ||     4
Armor: Skin              |     1 |       |       |     3 |     1 ||     5
Dodge: Dodged            |     7 |       |     3 |     6 |       ||    16
Block: Other             |       |       |     7 |     5 |     5 ||    17
